 Dungeon Crawl Stone Soup version 0.26-a0-812-g31a745ddcd (webtiles) character file.

Game seed: 13311106574476740556

1640 night the Insei (level 8, -5/69 HPs)
             Began as a Black Draconian Transmuter on Nov 26, 2020.
             Was a Follower of Qazlal.
             Killed themself with a bounced bolt of lightning (8 damage)
             ... on level 5 of the Dungeon.
             The game lasted 00:11:45 (6001 turns).

night the Insei (Black Draconian Transmuter)        Turns: 6001, Time: 00:11:46

Health: -5/69      AC:  6    Str: 12    XL:     8   Next: 66%
Magic:  11/11      EV: 12    Int: 16    God:    Qazlal [*.....]
Gold:   354        SH:  1    Dex: 12    Spells: 8/11 levels left

rFire    . . .     SeeInvis .     - Unarmed
rCold    . . .     Faith    .   (no shield)
rNeg     + . .     Spirit   .   (armour unavailable)
rPois    .         Reflect  .   (helmet restricted)
rElec    +         Harm     .   (no cloak)
rCorr    .         Rampage  .   (no gloves)
MR       +....                  (no boots)
Stlth    +.........             (no amulet)
HPRegen  0.21/turn              e - ring of protection from magic
MPRegen  0.12/turn              g - ring of positive energy

@: no status effects
A: breathe lightning, unfitting armour, electricity resistance, cold-blooded, AC
+6
a: Breathe Lightning, Renounce Religion


You were on level 5 of the Dungeon.
You worshipped Qazlal.
Qazlal was aware of your devotion.
You visited 1 branch of the dungeon, and saw 5 of its levels.

You collected 354 gold pieces.

Inventory:

Missiles
 b - 8 poisoned darts (quivered)
Jewellery
 e - a ring of protection from magic (left hand)
 g - a ring of positive energy (right hand)
 i - an uncursed ring of protection from magic
Wands
 k - a wand of iceblast (7)
 p - a wand of enslavement (1)
Scrolls
 a - a scroll of amnesia {unknown}
 c - a scroll of noise {unknown}
 d - a scroll of immolation {unknown}
 f - 5 scrolls of identify {unknown}
 h - 2 scrolls of fog {unknown}
 j - 5 scrolls of enchant armour {unknown}
 l - a scroll of random uselessness {unknown}
 m - a scroll of remove curse {unknown}
 n - 2 scrolls of fear {unknown}
Potions
 o - a potion of curing
 t - a potion of haste {unknown}


   Skills:
 + Level 5.4 Fighting
 - Level 1.7 Dodging
 * Level 7.7 Unarmed Combat
 - Level 2.0 Spellcasting
 + Level 5.2 Transmutations
 + Level 4.8 Invocations


You had 8 spell levels left.
You knew the following spells:

 Your Spells              Type           Power        Failure   Level
a - Beastly Appendage     Tmut           ###...       2%          1
b - Wereblood             Tmut           ###.....     3%          2

Your spell library contained the following spells:

 Spells                   Type           Power        Failure   Level
 Spider Form              Tmut/Pois      ##........   22%         3
 Confusing Touch          Hex            #.......     52%         3
 Gell's Gravitas          Tloc           #.........   52%         3
 Blade Hands              Tmut           ###.......   54%         5
 Ice Form                 Ice/Tmut       ##......     56%         4
 Petrify                  Tmut/Erth      ##......     56%         4
 Yara's Violent Unravell  Hex/Tmut       ##........   89%         5
 Metabolic Englaciation   Hex/Ice        #.........   99%         5


Dungeon Overview and Level Annotations

Branches:
Dungeon (5/15)
 Temple: D:4-7

Altars:
Qazlal
Ru


Innate Abilities, Weirdness & Mutations

You can breathe wild blasts of lightning.
Your glossy black scales are hard. (AC +6)
You cannot fit into any form of body armour.
You are resistant to electric shocks. (rElec)
You are cold-blooded and may be slowed by cold attacks.


Message History

The centaur hits you!
* * * LOW HITPOINT WARNING * * *
You hit the centaur.
You kill the centaur!
Qazlal accepts your kill.
You start resting.
A crimson imp comes into view.
You see here an arrow.
The adder hisses angrily.
The crimson imp summons a swarm of flies.
You breathe a wild blast of lightning!
The orb of electricity explodes!
The orb of electricity engulfs the crimson imp!!
You kill the crimson imp!
Qazlal accepts your kill. The orb of electricity engulfs you! You resist.
* * * LOW HITPOINT WARNING * * *
The zap misses you.
You hear a mighty clap of thunder!
The bolt of lightning hits you! You resist.
You die...

####.###).5.........######♣
..##.###..#...##..###
.......)....####..#
#.......†..#####S.#
....###)#### #....#
.#....#)### #.S###
#####...(.# #..#
.......##.####..##
................@#
....>..........○##
...............##
..........(....#
...............#
...............#
.............#
#............


You could see an adder.

Vanquished Creatures
  Pikel (D:4)
  Edmund (D:4)
  An ice beast (D:5)
  2 ogres
  2 centaurs (D:5)
  A lemure (D:4)
  Blork the orc (D:5)
  A bullfrog (D:4)
  3 crimson imps
  2 hounds
  2 orc priests (D:5)
  An orc wizard (D:4)
  Ijyb (D:3)
  3 worker ants
  A hound zombie (D:5)
  A mummy (D:5)
  A worker ant zombie (D:5)
  3 adders (D:3)
  A shadow imp (D:5)
  2 white imps (D:5)
  An ooze (D:4)
  4 worms
  A leopard gecko (D:3)
  5 orcs
  A ball python (D:5)
  7 bats
  3 giant cockroaches
  4 goblins
  8 hobgoblins
  12 jackals
  A quokka (D:5)
  2 frilled lizards
  9 kobolds
  9 rats
98 creatures vanquished.

Vanquished Creatures (others)
  86 plants (D:5)
86 creatures vanquished.

Grand Total: 184 creatures vanquished

Notes
Turn   | Place    | Note
-------+----------+-------------------------------------------
     0 | D:1      | night the Draconian Transmuter began the quest for the Orb.
     0 | D:1      | Reached XP level 1. HP: 16/16 MP: 3/3
   349 | D:1      | Reached XP level 2. HP: 23/23 MP: 5/5
   353 | D:1      | Learned a level 2 spell: Wereblood
  1143 | D:2      | Reached XP level 3. HP: 29/29 MP: 6/6
  1366 | D:2      | Reached skill level 2 in Fighting
  1745 | D:2      | You fall into a shaft and drop 2 floors!
  1776 | D:2      | Found a stormy altar of Qazlal.
  1778 | D:2      | Noticed a water elemental
  1778 | D:2      | Noticed an air elemental
  1779 | D:2      | Noticed an earth elemental
  1779 | D:2      | Noticed a fire elemental
  1784 | D:2      | Became a worshipper of Qazlal Stormbringer
  1868 | D:3      | Reached skill level 4 in Unarmed Combat
  2054 | D:3      | Reached XP level 4. HP: 24/36 MP: 7/7
  2240 | D:3      | Noticed Ijyb
  2268 | D:3      | Killed Ijyb
  2456 | D:3      | Reached skill level 1 in Invocations
  2813 | D:4      | Found a sacrificial altar of Ru.
  2836 | D:4      | Reached XP level 5. HP: 26/42 MP: 8/8
  3361 | D:4      | Noticed an ogre
  3377 | D:4      | Killed an ogre
  3377 | D:4      | Reached skill level 5 in Unarmed Combat
  3377 | D:4      | Reached skill level 2 in Invocations
  3377 | D:4      | Reached XP level 6. HP: 30/51 MP: 9/9
  3720 | D:5      | Entered Level 5 of the Dungeon
  3723 | D:5      | Noticed Blork the orc
  3913 | D:5      | Reached * piety under Qazlal
  4037 | D:5      | Noticed Pikel
  4042 | D:5      | Your scales start taking on a glossy black colour.
  4042 | D:5      | Reached XP level 7. HP: 21/58 MP: 10/10
  4042 | D:5      | Gained mutation: You are resistant to electric shocks.
                  | (rElec) [Black Draconian growth]
  4050 | D:5      | HP: 8/58 [poisoned by a worker ant]
  4056 | D:4      | HP: 6/58 [poisoned by a worker ant]
  4062 | D:4      | HP: 5/58 [poisoned by a worker ant]
  4070 | D:4      | HP: 5/58 [poisoned by a worker ant]
  4461 | D:5      | HP: 1/58 [ice beast (9)]
  4774 | D:5      | Reached skill level 6 in Unarmed Combat
  5056 | D:5      | Noticed Edmund
  5086 | D:4      | Killed Pikel
  5086 | D:4      | Reached skill level 7 in Unarmed Combat
  5086 | D:4      | Reached XP level 8. HP: 30/67 MP: 11/11
  5296 | D:4      | Killed Edmund
  5296 | D:4      | Reached skill level 5 in Fighting
  5904 | D:5      | Killed Blork the orc
  5904 | D:5      | Reached skill level 5 in Transmutations
  5985 | D:5      | HP: 7/68 [centaur (9)]
  6001 | D:5      | HP: 3/69 [shot self (8)]
  6001 | D:5      | Killed themself with a bounced bolt of lightning

Illustrated notes

Levels and vault maps discovered:
D:1:      shiori_arrival_maze, layout_basic, serial_forest,
          infiniplex_forest_lined_3, infiniplex_forest_straight_1,
          infiniplex_forest_lined_ring, infiniplex_forest_lined_2,
          infiniplex_forest_clump_long, infiniplex_forest_lined_1,
          infiniplex_forest_zigzag_1, infiniplex_forest_zigzag_2,
          minmay_misc_feat_columns, minmay_misc_feat_encased,
          minmay_tetromino_t2
D:2:      layout_loops_ring, nicolae_qazlal_style_of_elements
D:3:      layout_rooms, kennysheep_generic_room_11, uniq_ijyb
D:4:      layout_rooms, lemuel_crystal_altar, minmay_increasing_density
D:5:      layout_rooms, led_xom_imps, lemuel_round_altar, slow_altar_1,
          serial_bayou, serial_bayou_lagoon_b, serial_bayou_pond_d,
          serial_bayou_pond_e, serial_bayou_lagoon_a, serial_bayou_crossing,
          serial_bayou_lake_a, kennysheep_generic_room_12, uniq_edmund,
          uniq_pikel, uniq_blork_the_orc

Skill      XL: |  1  2  3  4  5  6  7  8 |
---------------+-------------------------+-----
Fighting       | 2 3 4 5 |  5.4
Unarmed Combat | 4 5 7 |  7.7
Invocations    | 1 2 4 |  4.8
Transmutations | 3 4 5 |  5.2
Dodging        | |  1.7
Spellcasting   | |  2.0

Action                   |  1- 3 |  4- 6 |  7- 9 || total
-------------------------+-------+-------+-------++-------
Melee: Unarmed           |   152 |   213 |   148 ||   513
       Tailslap          |    16 |    22 |    14 ||    52
       Punch             |     1 |     7 |     4 ||    12
       Kick              |       |     1 |     8 ||     9
       Headbutt          |       |     1 |     2 ||     3
Throw: Dart              |       |     8 |     5 ||    13
 Cast: Beastly Appendage |     1 |     1 |     2 ||     4
       Wereblood         |       |     1 |       ||     1
 Abil: Breathe Lightning |       |       |     8 ||     8
  Use: Potion            |       |     2 |     4 ||     6
 Stab: Sleeping          |     2 |     1 |       ||     3
Armor: Skin              |    44 |    50 |    43 ||   137
Dodge: Dodged            |    82 |   111 |    87 ||   280
Block: Other             |       |     1 |     3 ||     4

Table legend: (Time is in decaauts)
 A = Elapsed time spent in this place.
 B = Non-inter-level travel time spent in this place.
 C = Inter-level travel time spent in this place.
 D = Time resting spent in this place.
 E = Time spent auto-exploring this place.
 F = Levels seen in this place.
 G = Mean time per level.
                   A        B        C        D        E       F      G
               +--------+--------+--------+--------+--------+-----+--------+
         Total |   5979 |   5844 |    135 |   2230 |   2619 |   5 | 1195.8 |
       Dungeon |   5979 |   5844 |    135 |   2230 |   2619 |   5 | 1195.8 |
               +--------+--------+--------+--------+--------+-----+--------+

Top non-repeatable levels by time:
     D:4: 2483 daAuts
     D:1: 1067 daAuts
     D:3: 959 daAuts
     D:5: 734 daAuts
     D:2: 734 daAuts
